 Dungeon Crawl Stone Soup version 0.30-a0-556-g0a0f5a245f (webtiles) character file.

Game seed: 15337279761912306352

39 Bnni the Vexing (level 3, -2/26 HPs)
             Began as a Formicid Hexslinger on Dec 27, 2022.
             Slain by a worm (9 damage)
             ... on level 2 of the Dungeon.
             The game lasted 00:00:46 (984 turns).

Bnni the Vexing (Formicid Hexslinger)                Turns: 984, Time: 00:00:47

Health: -2/26      AC:  2    Str: 14    XL:     3   Next: 70%
Magic:  3/5        EV: 12    Int: 14    God:
Gold:   32         SH:  0    Dex: 14    Spells: 0/4 levels left

rFire   . . .      SeeInvis +    a - +1 sling
rCold   . . .      Faith    .    (no shield)
rNeg    . . .      Spirit   .    c - +0 robe
rPois   .          Reflect  .    (helmet unavailable)
rElec   .          Harm     .    (no cloak)
rCorr   .          Rampage  .    (no gloves)
Will    .....                    (no boots)
Stlth   +                        (no amulet)
HPRegen 0.24/turn                (no ring)
MPRegen 0.09/turn                (no ring)

@: no status effects
A: permanent stasis, dig shafts and tunnels, antennae 3, four strong arms
a: Dig, Shaft Self


You were on level 2 of the Dungeon.
You visited 1 branch of the dungeon, and saw 2 of its levels.

You collected 32 gold pieces.

Inventory:

Hand Weapons
 a - a +1 sling (weapon)
Armour
 c - a +0 robe (worn)
Jewellery
 i - a ring of protection from fire
Scrolls
 b - a scroll of poison
 e - a scroll of magic mapping {unknown}
 f - a scroll of identify {unknown}
 g - a scroll of noise {unknown}
 h - a scroll of fear {unknown}
Potions
 d - 2 potions of flight {unknown}


   Skills:
 + Level 1.5 Fighting
 * Level 2.6 Ranged Weapons
 - Level 1.7 Dodging
 + Level 1.4 Spellcasting
 * Level 4.2 Hexes
 + Level 0.8 Fire Magic


You couldn't memorise any spells.
You knew the following spells:

 Your Spells              Type           Power      Damage    Failure   Level
a - Slow                  Hex            48%        N/A       4%          1
b - Inner Flame           Hex/Fire       8%         N/A       26%         3

Your spell library contained the following spells:

 Spells                   Type           Power      Damage    Failure   Level
 Portal Projectile        Hex/Tloc       12%        N/A       32%         3
 Cause Fear               Hex            6%         N/A       41%         4


Dungeon Overview and Level Annotations

Branches:
Dungeon (2/15)

Altars:


Innate Abilities, Weirdness & Mutations

You cannot be hasted, slowed, berserked, paralysed or teleported.
You can dig through walls and to a lower floor.
You have a pair of large antennae on your head. (SInv)
Your four strong arms can wield two-handed weapons with a shield.


Message History

The quokka is almost dead.
The quokka bites you but does no damage.
The kobold closely misses you. The quokka barely misses you.
You shoot a sling bullet.
The sling bullet closely misses the quokka.
The kobold hits you but does no damage. The quokka barely misses you.
You shoot a sling bullet.
The sling bullet barely misses the quokka.
The quokka bites you. The kobold closely misses you.
The quokka closely misses you. The kobold hits you with a +0 club.
You shoot a sling bullet.
The sling bullet barely misses the quokka.
The quokka closely misses you. The kobold hits you with a +0 club.
You are too injured to fight recklessly!
You are too injured to fight recklessly!
You shoot a sling bullet. The sling bullet hits the quokka.
You kill the quokka!
The kobold hits you with a +0 club.
A worm comes into view.
Cast which spell? (? or * to list)
Aiming: Slow (safe; 4% risk of failure)
Press: ? - help, Shift-Dir - straight line, f - kobold
Aim: a kobold, wielding a +0 club (chance to affect: 63%)
The kobold resists with significant effort.
The kobold hits you with a +0 club.
* * * LOW HITPOINT WARNING * * *
You shoot a sling bullet. The sling bullet hits the kobold.
The kobold is heavily wounded.
The kobold hits you with a +0 club.
* * * LOW HITPOINT WARNING * * *
You shoot a sling bullet. The sling bullet hits the kobold.
You kill the kobold!
Casting: Slow (safe; 4% risk of failure)
Confirm with . or Enter, or press ? or * to list all spells.
Aiming: Slow (safe; 4% risk of failure)
Press: ? - help, Shift-Dir - straight line, f - worm
Aim: a worm (chance to affect: 54%)
The worm resists with significant effort.
The worm bites you!
You die...

... #..##
.# #....
.## #...#
...
#...##.##
#...#...#
#..$....#
#.......#
#.#@....#
#...w.#.#
......#.#
..
#.######...
# # #### {


You could see a worm.

Vanquished Creatures
  6 endoplasms (D:1)
  3 giant cockroaches (D:1)
  4 goblins (D:1)
  3 hobgoblins (D:1)
  2 jackals (D:1)
  3 kobolds
  3 quokkas
  2 ball pythons (D:1)
  2 bats (D:1)
  2 frilled lizards (D:1)
  2 rats (D:1)
32 creatures vanquished.

Notes
Turn   | Place    | Note
-------+----------+-------------------------------------------
     0 | D:1      | Bnni the Formicid Hexslinger began the quest for the Orb.
     0 | D:1      | Reached XP level 1. HP: 15/15 MP: 2/2
   209 | D:1      | Reached XP level 2. HP: 21/21 MP: 3/3
   318 | D:1      | Reached skill level 4 in Hexes
   371 | D:1      | Reached XP level 3. HP: 25/26 MP: 4/4
   380 | D:1      | Learned a level 3 spell: Inner Flame
   984 | D:2      | Slain by a worm

Illustrated notes

Levels and vault maps discovered:
D:1:      ebering_trefoil_3fold, layout_basic
D:2:      layout_basic, serial_shops, nicolae_shop_window_shopping, shop,
          nicolae_shop_stone

Skill      XL: |  1  2 |
---------------+-------+-----
Hexes          | 4 |  4.2
Fighting       | |  1.5
Ranged Weapons | |  2.6
Dodging        | |  1.7
Spellcasting   | |  1.4
Fire Magic     | |  0.8

Action                   || total
-------------------------++-------
 Fire: Sling             ||   109
 Cast: Slow              ||     2
Armor: Robe              ||     7
Dodge: Dodged            ||    40

Table legend: (Time is in decaauts)
 A = Elapsed time spent in this place.
 B = Non-inter-level travel time spent in this place.
 C = Inter-level travel time spent in this place.
 D = Time resting spent in this place.
 E = Time spent auto-exploring this place.
 F = Levels seen in this place.
 G = Mean time per level.
                   A        B        C        D        E       F      G
               +--------+--------+--------+--------+--------+-----+--------+
         Total |   1014 |   1006 |      8 |      6 |    811 |   2 |  507.0 |
       Dungeon |   1014 |   1006 |      8 |      6 |    811 |   2 |  507.0 |
               +--------+--------+--------+--------+--------+-----+--------+

Top non-repeatable levels by time:
     D:1: 990 daAuts
     D:2: 24 daAuts
